← All builds
Beach sea / Legion / Economy first / OBSERVED BUILD

Standard beach sea

Builds a shipyard early, gets a Syracusia out fast to contest or scout enemy sea entry, then expands into an Advanced Metal Extractor and more navy over the first 15 minutes.

Usually shipyard first (76%)

#naval #eco · 21 distinct matches · 14 players · 78% of Legion Beach sea games · team won 24% of 21 · Recently observed

HOW TO PLAY IT

Key timing: First Syracusia by 4:42

  1. Take 3 mex, then send the commander to build the shipyard.
  2. Get the shipyard up fast to start early sea presence.
  3. Add tidal generators for the energy to sustain frigate output.
  4. Push the first Syracusia out to contest or scout the sea.
  5. Bring advanced mex online to catch up economy for the late game.

Phase by phase

TYPICAL OF ITS 21 GAMES
  1. 1
  2. 2
  3. 3
PLAY THE OPENING

Follow the example game's first 6:00 step by step: what to build now, what comes next, and where it goes. At 1× it keeps pace with your own game.

  1. 1

    Up to the Shipyard

    Economy
    • Metal Extractor3Mex
    • Wind Turbine4Wind
    • Energy Storage1Energy storage
    Order
    1. ShipyardShipyard after 3 mex, 4 wind, 1 energy storagedone ~2:04, middle half 1:42–2:26

    Some games also: wind for allies (48%)

    By 1:48 in all: 3 mex · 4 wind · 1 energy storage

    The example game in this phase · 4 steps
    1. Mex ×3
    2. Wind ×2
    3. Wind ×3for Air
    4. ShipyardShipyarddone 1:42 · typical 2:04
  2. 2

    Shipyard to 5:00

    Economy
    • Metal Extractor4Mex
    • Tidal Generator2Tidal
    Builders
    • Construction Ship2 Con ship
    Army
    • Iapetus1 Iapetus
    • Syracusia1 Syracusia
    • Legion Drone1 Legion Drone
    • Argonaut1 Argonaut

    Some games also: Naval Radar / Sonar Tower (48%) · Hippocampus (43%) · con turret (33%)

    By 5:00 in all: 8 mex · 5 wind · 2 tidal · 1 energy storage

    The example game in this phase · 20 steps
    1. Wind
    2. Construction ShipCon ship
    3. Wind
    4. Tidal
    5. IapetusIapetus
    6. Mex
    7. Wind
    8. Construction ShipCon ship
    9. Mex
    10. ArgonautArgonaut
    11. Mex
    12. ArgonautArgonaut
    13. Mex
    14. ArgonautArgonaut
    15. Mex
    16. ArgonautArgonaut
    17. Tidal
    18. Mex
    19. Tidal
    20. Con turret
  3. 3

    5:00 to 10:00

    Economy
    • Metal Extractor1Mex
    Builders
    • Dionysus1 Dionysus
    Army
    • Pharos1 Pharos
    • Legion Drone8 Legion Drone
    • Syracusia3 Syracusia
    • Argonaut1 Argonaut
    Other
    • Naval Radar / Sonar Tower1 Naval Radar / Sonar Tower

    Some games also: Iapetus (48%) · tidal (48%) · wind (43%) · con ship (43%) · Stheno (43%)

    By 10:00 in all: 9 mex · 5 wind · 4 tidal · 1 energy storage

    The example game in this phase · 123 steps
    1. Construction ShipCon ship
    2. Wind
    3. Naval Radar / Sonar TowerNaval Radar / Sonar Tower
    4. ArgonautArgonaut
    5. Wind ×2
    6. IapetusIapetus
    7. Wind ×2
    8. DionysusDionysus
    9. Wind
    10. DionysusDionysus
    11. Wind ×2
    12. SyracusiaSyracusiadone 7:28 · typical 4:41
    13. Wind ×2
    14. Mex
    15. Wind ×2
    16. Mex
    17. Advanced Metal ExtractorT2 mexdone 9:20 · typical 9:35
    18. Wind
    19. Legion DroneLegion Drone
    20. PharosPharos
    21. Construction ShipCon ship
    22. Wind
    23. PharosPharos
    24. SyracusiaSyracusia
    25. Wind
    26. Legion DroneLegion Drone
    27. PharosPharos
    28. Wind
    29. Naval Radar / Sonar TowerNaval Radar / Sonar Tower
    30. Wind
    31. EuryaleEuryale
    32. Wind
    33. Mex
    34. Wind
    35. PharosPharos
    36. Wind ×2
    37. SthenoStheno
    38. Legion DroneLegion Drone
    39. SyracusiaSyracusia
    40. Wind
    41. Advanced Metal ExtractorT2 mex
    42. Legion DroneLegion Drone
    43. Con turret
    44. Legion DroneLegion Drone ×3
    45. DionysusDionysus
    46. Wind ×2
    47. Tidal
    48. Legion DroneLegion Drone ×2
    49. Wind
    50. Construction ShipCon ship
    51. Legion DroneLegion Drone
    52. Wind
    53. Tidal
    54. Advanced Metal ExtractorT2 mex
    55. Wind
    56. DionysusDionysus
    57. Legion DroneLegion Drone
    58. Tidal
    59. Wind
    60. Legion DroneLegion Drone
    61. Tidal
    62. ArgonautArgonaut
    63. Wind
    64. Tidal
    65. Legion DroneLegion Drone
    66. Wind
    67. Legion DroneLegion Drone
    68. Tidal
    69. ArgonautArgonaut
    70. Tidal
    71. Naval Construction Turret
    72. Legion DroneLegion Drone ×2
    73. Construction ShipCon ship
    74. Tidal ×2
    75. ArgonautArgonaut
    76. Advanced Metal ExtractorT2 mex
    77. PharosPharos
    78. Tidal
    79. ArgusArgus
    80. PharosPharos
    81. ArgonautArgonaut
    82. Tidal
    83. ArgonautArgonaut
    84. Tidal ×2
    85. SyracusiaSyracusia
    86. Tidal
    87. Legion DroneLegion Drone
    88. Tidal
    89. Legion DroneLegion Drone ×3
    90. Tidal
    91. ArgonautArgonaut
    92. Tidal
    93. ArgonautArgonaut
    94. Legion DroneLegion Drone ×2
    95. Tidal
    96. ArgonautArgonaut
    97. DionysusDionysus
    98. Tidal
    99. Legion DroneLegion Drone ×2
    100. Tidal
    101. DionysusDionysus
    102. Tidal
    103. Legion DroneLegion Drone
    104. ArgonautArgonaut
    105. Legion DroneLegion Drone ×2
    106. Tidal
    107. ArgonautArgonaut
    108. Tidal
    109. SyracusiaSyracusia
    110. Legion DroneLegion Drone ×3
    111. Tidal
    112. Fusion ReactorFusionnot finished by 15:00
    113. Con turret
    114. Legion DroneLegion Drone ×2
    115. Naval Construction Turret
    116. Legion DroneLegion Drone
    117. Construction ShipCon ship
    118. Legion DroneLegion Drone
    119. Tidal
    120. Con turret
    121. Legion DroneLegion Drone
    122. Tidal
    123. ArgonautArgonaut

Counts are medians over the build's games: half of them build more, half fewer. The example game is JesterB's (36 OS, 15/09/2026); pick another.

Team trades

IN AT LEAST 30% OF ITS GAMES

You hand over

  • Wind Turbine3 Wind to Airfirst at 1:49 · in 57% of games

You get

  • Hippotes1 Hippotes from Airfirst at 2:08 · in 33% of games
  • Construction Bot1 Con bot from Geofirst at 2:22 · in 52% of games
  • Lazarus1 Lazarus from Geofirst at 2:22 · in 43% of games
  • Advanced Construction Bot1 T2 con bot from Tech or Geofirst at 7:50 · in 76% of games

How it plays out

Typical game of this build, running totals by minute

Metal produced

010k20k30k
0:005:0010:0015:00

metal

Enemy metal destroyed

02.5k5k7.5k
0:005:0010:0015:00

metal

Own metal lost

02k4k6k
0:005:0010:0015:00

metal

21 games.

Show as table
ByMetal produced: This buildEnemy metal destroyed: This buildOwn metal lost: This build
1:0039800
2:0093500
3:00153100
4:002549030
5:0037535050
6:005011380120
7:0064571050280
8:0080321416650
9:0094481654730
10:001126829531010
11:001296240941616
12:001583242731626
13:001858449803245
14:002045058283401
15:002303264414707
WHAT THE NUMBERS SAY

Standard beach sea has by far the lowest team win rate of the six builds despite comparable early frigate timing, suggesting the natural resource disadvantage described for this role bites hard.

  • + First Syracusia at 4:42, faster than geo sea's 5:18 equivalent.
  • + Metal produced by 5:00 reaches 3704, close to other sea roles.
  • − Team win rate is only 21%, far below every other standard build shown.
  • − T2 factory completes in just 21% of games, the lowest tech follow-through listed.
THE EXAMPLE YOU ARE READING

JesterB

35.7 OS · 15/09/2026

Open source match ↗

5 received units · includes a constructor
343 metal received · 11306 energy received

Allied construction assistance is unknown. Timings are observations, not a promise of solo reproducibility.

Typical milestones

Shipyard2:04Middle 50%: 1:42–2:26 · n=21
Syracusia4:41Middle 50%: 3:58–5:46 · n=19
Advanced Metal Extractor9:35Middle 50%: 9:02–9:46 · n=15

Played most by

Rysica5games of this buildEpicTyrannus3games of this buildEXZoPrimer32games of this build[Crd]TheKingOfAll1game of this buildCommandoMan1game of this build